 Dungeon Crawl Stone Soup version 0.19-a0-1097-g38e3b35 (webtiles) character file.

3655 Ijustatesigmund the Cudgeler (level 9, -13/71 HPs)
             Began as a Demonspawn Fighter on Aug 8, 2016.
             Mangled by an eight-headed hydra (14 damage)
             ... on level 8 of the Dungeon.
             The game lasted 00:18:09 (7790 turns).

Ijustatesigmund the Cudgeler (Demonspawn Fighter)   Turns: 7790, Time: 00:18:10

Health: -13/71     AC:  9    Str: 22    XL:     9   Next: 88%
Magic:  9/9        EV: 12    Int:  9    God:
Gold:   425        SH: 12    Dex: 16    Spells: 0 memorised, 8 levels left

rFire  + . .     SeeInvis .     E - +2 morningstar (crush)
rCold  . . .     Gourm    .     q - +1 scale mail {MR+}
rNeg   + . .     Faith    .     c - +1 shield
rPois  .         Spirit   .     (helmet restricted)
rElec  .         Dismiss  .     (no cloak)
rCorr  .         Reflect  .     (no gloves)
SustAt .         Harm     .     (no boots)
MR     +....                    (no amulet)
Stlth  ..........               z - ring of positive energy
                                k - ring of protection from fire

@: mighty
A: horns 2, rugged brown scales 1, demonic guardian 1, spiny 1
a: no special abilities


You were on level 8 of the Dungeon.
You were not hungry.

You visited 2 branches of the dungeon, and saw 9 of its levels.
You also visited: Ossuary.

You collected 425 gold pieces.

Inventory:

Hand Weapons
 a - a +0 flail
 e - a +0 morningstar
 y - a +1 flail of protection
 E - a +2 morningstar of crushing (weapon)
Armour
 c - a +1 shield (worn)
 q - a +1 scale mail of magic resistance (worn)
Jewellery
 b - the ring "Plog" {*Confuse +Fly rF+ rC+ Str+4, unknown}
   (You found it on level 8 of the Dungeon)

   [ring of protection from cold]

   It affects your strength (+4).
   It protects you from fire.
   It protects you from cold.
   It lets you fly.
   It may confuse you when you take damage.
 i - an uncursed ring of magical power {unknown}
 k - a ring of protection from fire (left hand)
 m - an uncursed ring of fire
 w - an uncursed ring of wizardry
 z - a ring of positive energy (right hand)
 C - an uncursed ring of ice
Wands
 d - a wand of random effects (48/48)
 v - a wand of disintegration (9/24)
 A - a wand of polymorph (21/24)
Scrolls
 o - 5 scrolls of amnesia
 p - 4 scrolls of teleportation
 t - 2 scrolls of remove curse
 u - 3 scrolls of identify
 D - 3 scrolls of magic mapping
Potions
 g - 4 potions of haste
 h - a potion of ambrosia
 j - 7 potions of curing
 l - 6 potions of mutation
 n - 4 potions of invisibility {unknown}
 B - 2 potions of cure mutation {unknown}
Comestibles
 f - 6 bread rations
 s - 2 meat rations


   Skills:
 - Level 6.0 Fighting
 - Level 7.5 Maces & Flails
 + Level 5.7 Armour
 + Level 6.0 Dodging
 + Level 6.0 Shields


You had 8 spell levels left.
You didn't know any spells.

Dungeon Overview and Level Annotations

Branches:
Dungeon (8/15)             Temple (1/1) D:5
   Lair: D:8-11

Altars:
Ashenzari
Cheibriados
Dithmenos
Elyvilon
Fedhas
Gozag
Hepliaklqana
Kikubaaqudgha
Makhleb
Nemelex Xobeh
Okawaru
Pakellas
Qazlal
Ru
Sif Muna
Trog
Uskayaw
Vehumet
Xom
Yredelemnul
Zin
The Shining One

Shops:
D:7 :


Innate Abilities, Weirdness & Mutations

You have a pair of horns on your head.
You are partially covered in rugged brown scales. (AC +1, +3% HP)
A weak demonic guardian rushes to your aid.
You are partially covered in sharp spines.


Message History

You see here a robe.
You feel very mighty all of a sudden.
The howler monkey hoots and howls with incredible vigour!
Your iron imp hits the eight-headed hydra.
The eight-headed hydra is struck by your spines.
The eight-headed hydra barely misses you.
The eight-headed hydra bites you!
You block the eight-headed hydra's attack. x2
The eight-headed hydra closely misses you.
The eight-headed hydra bites you!
* * * LOW HITPOINT WARNING * * *
The eight-headed hydra barely misses you.
The eight-headed hydra bites you!
* * * LOW HITPOINT WARNING * * *
You barely miss the eight-headed hydra. You headbutt the eight-headed hydra.
The eight-headed hydra is heavily wounded.
The eight-headed hydra bites you.
* * * LOW HITPOINT WARNING * * *
The eight-headed hydra misses you. The eight-headed hydra bites you!
You die...

....# ≈.≈.# ≈≈≈.#
♣≈≈.# ≈ ♣≈..# ####
≈♣♣♣≈≈.# #@[# #
≈≈≈≈≈≈.# ###5D##..#
≈...≈..# #.5##ho....
≈≈≈≈≈≈.###
###..##a.....
;♣♣♣≈≈<(.#
#....##..#### ≈
♣≈≈.#.###....# ..# #
≈♣♣♣≈..#.[..##...|##..
≈≈≈≈≈≈##....##....#
(..
≈(...≈.#.###..####..
#.


You could see an eight-headed hydra, a howler monkey, a worker ant, an orc, a
friendly iron imp and a friendly quasit.

Vanquished Creatures
  The ghost of HaroldButt the Twirler, an amateur FoFi (D:4)
  Sigmund (D:2)
  A hungry ghost (D:7)
  A hippogriff (D:8)
  A vampire mosquito (D:8)
  2 orc warriors
  A sky beast (D:7)
  A black bear (D:6)
  2 ice beasts (D:5)
  An ogre (D:4)
  3 necrophages
  A phantom (D:4)
  3 centaurs
  2 giant frogs
  3 scorpions
  4 killer bees (D:7)
  A howler monkey (D:6)
  4 electric eels (D:8)
  3 centaur zombies (Ossuary)
  2 quasits
  A giant frog zombie (Ossuary)
  A hound (D:5)
  An orc wizard (D:3)
  2 orc priests (D:3)
  A giant frog skeleton (D:5)
  3 iguanas (D:5)
  3 worker ants
  2 hound zombies (Ossuary)
  2 howler monkey zombies (Ossuary)
  13 mummies (Ossuary)
  4 worker ant zombies (Ossuary)
  5 gnolls
  6 adders
  2 shadow imps
  4 adder zombies
  An adder skeleton (D:6)
  4 worms
  A dart slug (D:1)
  6 giant geckos
  13 orcs
  6 giant cockroaches
  2 hobgoblins
  10 jackals
  5 kobolds
  8 bats
  A giant cockroach zombie (Ossuary)
  A giant gecko skeleton (D:5)
  2 giant gecko zombies (Ossuary)
  6 giant newts
  7 goblins
  A jackal zombie (Ossuary)
  A quokka skeleton (D:5)
  A quokka zombie (Ossuary)
  6 rats
170 creatures vanquished.

Vanquished Creatures (collateral kills)
  An orc priest (D:8)
  A centaur skeleton (D:8)
  An orc (D:8)
3 creatures vanquished.

Vanquished Creatures (others)
  A withered plant (Ossuary)
1 creature vanquished.

Grand Total: 174 creatures vanquished

Notes
Turn   | Place    | Note
-------+----------+-------------------------------------------
     0 | D:1      | Ijustatesigmund the Demonspawn Fighter began the quest for the Orb.
     0 | D:1      | Reached XP level 1. HP: 18/18 MP: 1/1
   142 | D:1      | Reached skill level 2 in Maces & Flails
   172 | D:1      | Gained mutation: You have a pair of small horns on your head. [demonic ancestry]
   172 | D:1      | Reached XP level 2. HP: 19/24 MP: 2/2
   234 | D:1      | Reached skill level 1 in Dodging
   468 | D:2      | Noticed Sigmund
   476 | D:2      | Killed Sigmund
   476 | D:2      | Reached skill level 3 in Maces & Flails
   476 | D:2      | Gained mutation: You have a pair of horns on your head. [demonic ancestry]
   476 | D:2      | Reached XP level 3. HP: 12/30 MP: 3/3
   476 | D:2      | Reached XP level 4. HP: 14/37 MP: 4/4
   476 | D:2      | Reached XP level 5. HP: 16/42 MP: 5/5
  1330 | D:3      | Reached skill level 4 in Maces & Flails
  1356 | D:3      | Gained mutation: You are partially covered in rugged brown scales. (AC +1, +3% HP) [demonic ancestry]
  1356 | D:3      | Reached XP level 6. HP: 27/49 MP: 6/6
  2155 | D:4      | Reached skill level 5 in Maces & Flails
  2484 | D:4      | Gained mutation: You are partially covered in sharp spines. [demonic ancestry]
  2484 | D:4      | Reached XP level 7. HP: 34/56 MP: 7/7
  2935 | D:4      | Noticed HaroldButt's ghost (amateur FoFi)
  2948 | D:4      | Killed HaroldButt's ghost
  2948 | D:4      | Reached skill level 5 in Fighting
  2948 | D:4      | Reached skill level 6 in Maces & Flails
  3182 | D:5      | Entered Level 5 of the Dungeon
  3376 | D:5      | Found a shimmering altar of Xom.
  3403 | D:5      | Found a staircase to the Ecumenical Temple.
  3406 | Temple   | Entered the Ecumenical Temple
  3561 | D:5      | Found a white marble altar of Elyvilon.
  3598 | D:5      | Reached XP level 8. HP: 59/64 MP: 8/8
  3685 | D:5      | Reached skill level 7 in Maces & Flails
  4375 | D:6      | Found a deep blue altar of Sif Muna.
  5130 | D:7      | Found a sand-covered staircase.
  5137 | Ossuary  | Entered an ossuary
  5470 | Ossuary  | Gained mutation: A weak demonic guardian rushes to your aid. [demonic ancestry]
  5470 | Ossuary  | Reached XP level 9. HP: 71/71 MP: 9/9
  6277 | D:7      | Found Opny's Book Shoppe.
  6281 | D:7      | Reached skill level 5 in Shields
  6493 | D:7      | Reached skill level 5 in Dodging
  6497 | D:7      | Reached skill level 5 in Armour
  6897 | D:8      | Got a serpentine brass ring
  7782 | D:8      | Noticed an eight-headed hydra
  7790 | D:8      | HP: 1/71 [eight-headed hydra (4)]
  7790 | D:8      | Mangled by an eight-headed hydra

Vault maps used:
D:1:      mrwooster_arrival_statue_3
D:2:      uniq_sigmund
D:4:      first_bread
D:5:      old_standard_altar, basic_altar, minmay_lizard_king
D:6:      lemuel_crystal_altar, nicolae_sextant, lemuel_flamethrower_2
D:7:      serial_shops, shop, nicolae_ossuary_entry_monument
D:8:      minmay_bloctagon, kennysheep_boxes, uniq_psyche
Temple:   regret_index_temple_chain_breaker
Ossuary:  ossuary_zaba_flooded

Skill      XL: |  1  2  3  4  5  6  7  8  9 |
---------------+----------------------------+-----
Maces & Flails | 2 3 4 5 6 7 |  7.5
Dodging        | 2 4 6 |  6.0
Fighting       | 4 5 6 |  6.0
Armour         | 4 5 |  5.7
Shields        | 4 6 |  6.0

Action                   |  1- 3 |  4- 6 |  7- 9 || total
-------------------------+-------+-------+-------++-------
Melee: Flail             |    54 |    81 |   184 ||   319
       Headbutt          |     3 |    20 |    67 ||    90
       Morningstar       |       |    53 |   155 ||   208
  Use: Scroll            |     3 |     7 |     9 ||    19
       Potion            |     2 |     1 |     4 ||     7
 Stab: Distracted        |       |       |     1 ||     1
  Eat: Chunk             |       |     5 |     3 ||     8
       Beef jerky        |       |       |     2 ||     2
       Fruit             |       |       |     5 ||     5
       Royal jelly       |       |       |     1 ||     1
       Bread ration      |       |       |     2 ||     2
       Pizza             |       |       |     1 ||     1
Armor: Scale mail        |    25 |    36 |   112 ||   173
Dodge: Dodged            |    24 |    35 |   107 ||   166
Block: Shield            |    29 |    46 |   150 ||   225
